 Dungeon Crawl Stone Soup version 0.20.1-1-g8b1a95d (webtiles) character file.

109 tmwrnj the Skirmisher (level 4, 0/40 HPs)
             Began as a Hill Orc Fighter on Sept 21, 2017.
             Succumbed to an orc's poison
             ... on level 4 of the Dungeon.
             The game lasted 00:07:21 (2652 turns).

tmwrnj the Skirmisher (Hill Orc Fighter)            Turns: 2652, Time: 00:07:22

Health: 0/40       AC:  8    Str: 19    XL:     4   Next: 90%
Magic:  4/4        EV:  7    Int:  8    God:
Gold:   166        SH:  9    Dex: 10    Spells: 3/3 levels left

rFire    . . .     SeeInvis .   a - +0 flail
rCold    . . .     Gourm    .   c - +0 shield
rNeg     . . .     Faith    .   b - +0 scale mail
rPois    .         Spirit   .   B - +0 helmet
rElec    .         Reflect  .   (no cloak)
rCorr    .         Harm     .   (no gloves)
MR       .....                  (no boots)
Stlth    ..........             (no amulet)
Regen    0.2/turn               (no ring)
MPRegen  0.1/turn               (no ring)

@: lethally poisoned (0 -> -39), about to teleport
A: no striking features
a: no special abilities


You were on level 4 of the Dungeon.
You were not hungry.

You visited 1 branch of the dungeon, and saw 4 of its levels.

You collected 166 gold pieces.

Inventory:

Hand Weapons
 a - a +0 flail (weapon)
Armour
 b - a +0 scale mail (worn)
 c - a +0 shield (worn)
 B - a +0 helmet (worn)
Jewellery
 i - an uncursed amulet of the gourmand {unknown}
 j - an uncursed ring of poison resistance {unknown}
 q - a cursed amulet of inaccuracy {unknown}
 u - a cursed ring of loudness {unknown}
 v - a cursed ring of teleportation {unknown}
Scrolls
 e - 2 scrolls of immolation {unknown}
 g - a scroll of noise {unknown}
 h - 2 scrolls of teleportation
 k - 2 scrolls of identify {unknown}
 m - 2 scrolls of magic mapping {unknown}
 n - a scroll of blinking {unknown}
 o - 2 scrolls of remove curse {unknown}
 p - 2 scrolls of enchant weapon {unknown}
 x - a scroll of enchant armour {unknown}
 y - a scroll of recharging {unknown}
 z - a scroll of fear {unknown}
 A - a scroll of fog {unknown}
Potions
 d - 2 potions of might
 r - a potion of lignification {unknown}
 s - 2 potions of agility {unknown}
 t - a potion of ambrosia {unknown}
 w - a potion of cancellation {unknown}
 C - 2 potions of heal wounds {unknown}
 D - a potion of curing {unknown}
Comestibles
 f - 5 bread rations
 l - 2 meat rations


   Skills:
 + Level 4.3 Fighting
 + Level 3.5 Maces & Flails
 + Level 3.8 Armour
 + Level 0.5 Dodging
 + Level 4.1 Shields


You had 3 spell levels left.
You didn't know any spells.

Dungeon Overview and Level Annotations

Branches:
Dungeon (4/15)
 Temple: D:4-7

Altars:


Message History

The orc wizard gestures at you while chanting.
The puff of frost hits you!
* * * LOW HITPOINT WARNING * * *
The orc hits you but does no damage.
You are more poisoned.
You climb downwards.
* * * LOW HITPOINT WARNING * * *
You feel very sick.
There is a stone staircase leading up here.
You hit the orc.
The orc is lightly wounded.
* * * LOW HITPOINT WARNING * * *
You feel very sick.
The orc wizard hits you but does no damage.
You block the orc's attack. The orc hits you but does no damage.
You are more poisoned.
The orc wizard hits you but does no damage.
As you read the scroll of teleportation, it crumbles to dust.
You feel strangely unstable.
You die...

#.....#....#
#.....#.####
#.....#.#
#.....#.#
#.....#.#
#.....#.#
######.....#.#
#....oo....#
#....@.....#
#.#.#o##[### #
#........#
#..#.##..#
#..#.. .#
#..#.# ..
#..#.. ##
.....# .. ###


You could see an orc wizard and 2 orcs.

Vanquished Creatures
  6 adders
  A worm (D:3)
  2 dart slugs (D:1)
  6 orcs
  4 hobgoblins
  4 jackals
  8 kobolds
  4 bats
  4 frilled lizards
  4 goblins
  9 rats
52 creatures vanquished.

Notes
Turn   | Place    | Note
-------+----------+-------------------------------------------
     0 | D:1      | tmwrnj the Hill Orc Fighter began the quest for the Orb.
     0 | D:1      | Reached XP level 1. HP: 19/19 MP: 1/1
   419 | D:1      | Reached XP level 2. HP: 25/27 MP: 2/2
   751 | D:2      | Reached XP level 3. HP: 20/33 MP: 3/3
  1402 | D:2      | Reached XP level 4. HP: 36/40 MP: 4/4
  1607 | D:3      | Noticed an ogre
  2652 | D:4      | Succumbed to an orc's poison

Skill      XL: |  1  2  3 |
---------------+----------+-----
Fighting       | 4 |  4.3
Shields        | 4 |  4.1
Maces & Flails | 3 |  3.5
Armour         | |  3.8
Dodging        | |  0.5

Action                   |  1- 3 |  4- 6 || total
-------------------------+-------+-------++-------
Melee: Flail             |   106 |   101 ||   207
  Use: Scroll            |     1 |     1 ||     2
  Eat: Chunk             |     2 |     4 ||     6
Armor: Scale mail        |    43 |    61 ||   104
Dodge: Dodged            |    27 |    32 ||    59
Block: Shield            |    63 |    70 ||   133
